 Dungeon Crawl Stone Soup version 0.22-a0-271-gc000056a37 (webtiles) character file.

759 Manul the Sneak (level 7, -7/52 HPs)
             Began as a Demonspawn Assassin on Mar 10, 2018.
             Was an Initiate of Gozag.
             Mangled by an ogre
             ... wielding a +0 giant club
              (15 damage)
             ... on level 5 of the Dungeon.
             The game lasted 00:05:00 (4034 turns).

Manul the Sneak (Demonspawn Assassin)               Turns: 4034, Time: 00:05:00

Health: -7/52      AC:  8    Str: 11    XL:     7   Next: 50%
Magic:  7/7        EV: 11    Int: 12    God:    Gozag
Gold:   240        SH:  0    Dex: 17    Spells: 6/6 levels left

rFire    + + .     SeeInvis .   t - +0 scythe
rCold    x . .     Gourm    .   (shield currently unavailable)
rNeg     . . .     Faith    .   x - +0 ring mail
rPois    .         Spirit   .   (helmet restricted)
rElec    .         Reflect  .   d - +0 cloak
rCorr    .         Harm     .   (no gloves)
MR       .....                  m - +0 pair of boots
Stlth    +++.......             y - amulet of rage
HPRegen  0.17/turn              B - ring of fire
MPRegen  0.10/turn              z - ring of protection from fire

@: no status effects
A: antennae 1, claws 2, shaggy fur 1, spiny 1, evolution 1
a: Potion Petition, Call Merchant, Bribe Branch, Renounce Religion, Evoke
Berserk Rage


You were on level 5 of the Dungeon.
You worshipped Gozag.
Gozag was aware of your devotion.
You were not hungry.

You visited 1 branch of the dungeon, and saw 5 of its levels.

You collected 279 gold pieces.
You paid 39 gold pieces to Gozag.

Inventory:

Hand Weapons
 a - a +2 dagger
 b - a +0 blowgun
 t - a +0 scythe (weapon)
Missiles
 e - 25 poisoned needles
 f - 2 curare-tipped needles
Armour
 c - a +0 robe
 d - a +0 cloak (worn)
 h - a +0 leather armour
 m - a +0 pair of boots (worn)
 x - a +0 ring mail (worn)
Jewellery
 y - an amulet of rage (around neck)
 z - a ring of protection from fire (right claw)
 B - a ring of fire (left claw)
Scrolls
 j - 2 scrolls of identify
 l - 2 scrolls of immolation {unknown}
 n - a scroll of random uselessness {unknown}
 p - a scroll of enchant weapon {unknown}
 v - a scroll of teleportation {unknown}
 A - a scroll of amnesia {unknown}
 C - 2 scrolls of fog {unknown}
Potions
 i - 5 potions of brilliance {unknown}
 k - a potion of flight {unknown}
 o - a potion of mutation
 q - a potion of invisibility {unknown}
 r - a potion of haste
 u - 2 potions of might {unknown}
 w - a potion of curing {unknown}
Comestibles
 g - 9 rations


   Skills:
 + Level 3.6 Fighting
 + Level 4.2 Short Blades
 + Level 0.2 Polearms
 - Level 1.7 Throwing
 + Level 3.0 Armour
 + Level 2.2 Dodging
 * Level 5.9 Stealth


You had 6 spell levels left.
You didn't know any spells.

Dungeon Overview and Level Annotations

Branches:
Dungeon (5/15)
 Temple: D:4-7

Altars:
Cheibriados
Dithmenos
Gozag
Nemelex Xobeh
Qazlal
Uskayaw

Annotations:
D:2 2 transporters


Innate Abilities, Weirdness & Mutations

You have a pair of small antennae on your head.
You have very sharp fingernails.
You are partially covered in sharp spines.
You are covered in fur. (AC +1)
You evolve.


Message History

The ogre is struck by your spines. The ogre hits you with a giant club!!
* * * LOW HITPOINT WARNING * * *
The ogre is struck by your spines. The ogre barely misses you.
You are too injured to fight recklessly!
An ogre is nearby!
Evoke which item? (* to show all) (? for menu, Esc to quit)
Okay, then.
You feel much better.
Wield which item (- for none, * to show all)? (? for menu, Esc to quit)
b - a +0 blowgun (weapon)
The ogre is struck by your spines. The ogre hits you with a giant club!!
Ouch! That really hurt!
* * * LOW HITPOINT WARNING * * *
Wield which item (- for none, * to show all)? (? for menu, Esc to quit)
t - a +0 scythe (weapon)
Your ring mail prevents you from hitting the ogre.
The ogre is almost dead.
The ogre hits you with a giant club!
You die...
Your body crumbles into a pile of gold.

..........#......
.8##..
.[...............
...#.#
.................
.....#
.................
.....#
#...........#....
....# ##.........#
#..#....#
.##........#
#..#...#..
.##...(...#
##O.......
..#.......#
#@.####...
#........## ##.##
.........## ##..#
<......#..####..##
#....####...##.##
###.## ###....#
#.# #..#..# #.#
#..##...# ..#
#..## ##..#


You could see an ogre.

Vanquished Creatures
  Grinder (D:4)
  Sigmund (D:2)
  An ogre (D:4)
  A howler monkey (D:4)
  A hound (D:4)
  An orc priest (D:4)
  3 orc wizards (D:4)
  2 worker ants (D:4)
  2 adders
  3 oozes
  2 worms
  A dart slug (D:1)
  2 leopard geckos
  4 orcs (D:4)
  3 bats
  3 giant cockroaches (D:2)
  7 goblins
  10 hobgoblins
  A quokka (D:2)
  4 frilled lizards
  11 kobolds
  3 rats (D:3)
67 creatures vanquished.

Notes
Turn   | Place    | Note
-------+----------+-------------------------------------------
     0 | D:1      | Manul the Demonspawn Assassin began the quest for the Orb.
     0 | D:1      | Reached XP level 1. HP: 16/16 MP: 1/1
   296 | D:1      | Reached skill level 4 in Stealth
   296 | D:1      | Gained mutation: You have a pair of small antennae on your head. [demonic ancestry]
   296 | D:1      | Reached XP level 2. HP: 17/22 MP: 2/2
   360 | D:1      | Reached skill level 1 in Dodging
   729 | D:2      | Gained mutation: You have sharp fingernails. [demonic ancestry]
   729 | D:2      | Reached XP level 3. HP: 19/27 MP: 3/3
   934 | D:2      | Noticed Sigmund
  1304 | D:2      | Found a transporter.
  1311 | D:2      | Found a transporter.
  1311 | D:2      | Noticed an orc warrior
  1319 | D:2      | Found a sparkling altar of Nemelex Xobeh.
  1411 | D:2      | Killed Sigmund
  1411 | D:2      | Reached skill level 1 in Armour
  1411 | D:2      | Reached skill level 5 in Stealth
  1411 | D:2      | Reached XP level 4. HP: 12/34 MP: 4/4
  1411 | D:2      | Reached XP level 5. HP: 14/39 MP: 5/5
  2269 | D:3      | Found an opulent altar of Gozag.
  2360 | D:3      | Became a worshipper of Gozag Ym Sagoz the Greedy
  2495 | D:4      | Found a hide-covered altar of Uskayaw.
  2504 | D:4      | Gained mutation: You have very sharp fingernails. [demonic ancestry]
  2504 | D:4      | Reached XP level 6. HP: 46/46 MP: 6/6
  3010 | D:4      | Noticed Grinder
  3019 | D:4      | Gained mutation: You evolve. [potion of mutation]
  3019 | D:4      | Gained mutation: You are covered in fur. (AC +1) [potion of mutation]
  3028 | D:4      | Paralysed by Grinder for 3 turns
  3063 | D:4      | Killed Grinder
  3063 | D:4      | Gained mutation: You are partially covered in sharp spines. [demonic ancestry]
  3063 | D:4      | Reached XP level 7. HP: 43/52 MP: 7/7
  3345 | D:3      | Found a shadowy altar of Dithmenos.
  3345 | D:3      | Found a snail-covered altar of Cheibriados.
  3348 | D:3      | Found a stormy altar of Qazlal.
  3943 | D:5      | Entered Level 5 of the Dungeon
  4034 | D:5      | Mangled by an ogre

Vault maps used:
D:1:      minmay_arrival_semitransparent, patterned_corridor
D:2:      gammafunk_temple_overflow_arena, uniq_sigmund
D:3:      lemuel_coloured_pillars_altar, nicolae_overflow_hidden_temple
D:4:      eat_drink_and_be_merry_uskayaw, first_ration, corner_web_ring,
          kennysheep_generic_room_3, uniq_grinder
D:5:      nicolae_overflow_crystal_walls, serial_shops, shop_statue

Skill      XL: |  1  2  3  4  5  6  7 |
---------------+----------------------+-----
Stealth        | 4 5 |  5.9
Dodging        | 1 2 |  2.2
Short Blades   | 2 3 4 |  4.2
Armour         | 1 2 3 |  3.0
Fighting       | 3 |  3.6
Polearms       | |  0.2
Throwing       | |  1.7

Action                   |  1- 3 |  4- 6 |  7- 9 || total
-------------------------+-------+-------+-------++-------
Melee: Dagger            |   116 |    94 |    36 ||   246
       Scythe            |       |    19 |    15 ||    34
 Fire: Blowgun           |     5 |    18 |       ||    23
  Use: Scroll            |       |     2 |       ||     2
       Potion            |       |     3 |     1 ||     4
 Stab: Sleeping          |     5 |     4 |     1 ||    10
  Eat: Chunk             |     2 |     2 |       ||     4
       Ration            |       |     1 |     1 ||     2
Armor: Leather armour    |    26 |    17 |       ||    43
       Ring mail         |       |    12 |     8 ||    20
       Skin              |       |     4 |       ||     4
Dodge: Dodged            |    63 |    51 |    21 ||   135

Table legend:
 A = Spawn XP
 B = Non-spawn XP
 C = Spawn XP percentage of total XP
 D = Spawn monster count
 E = Non-spawn monster count
 F = Spawn count percentage of total count
 G = Total turns spent on level
                    A         B        C        D         E        F      G
               +---------+---------+-------+---------+---------+-------+---------
         Total |       0 |    1085 |   0.0 |       0 |      67 |   0.0 |  4034
               +---------+---------+-------+---------+---------+-------+---------
           D:1 |       0 |      17 |   0.0 |       0 |       9 |   0.0 |   607
           D:2 |       0 |     277 |   0.0 |       0 |      22 |   0.0 |   888
           D:3 |       0 |      29 |   0.0 |       0 |      16 |   0.0 |   980
           D:4 |       0 |     762 |   0.0 |       0 |      20 |   0.0 |  1468
               +---------+---------+-------+---------+---------+-------+---------
